 Dungeon Crawl Stone Soup version 0.27-a0-773-gaaee5cf45b (webtiles) character file.

Game seed: 14086642263200135014

445 leviel the Chopper (level 7, -10/61 HPs)
             Began as a Hill Orc Fighter on Mar 26, 2021.
             Succumbed to a water moccasin's poison
             ... on level 5 of the Dungeon.
             The game lasted 00:06:45 (4097 turns).

leviel the Chopper (Hill Orc Fighter)               Turns: 4097, Time: 00:06:46

Health: -10/61     AC:  8    Str: 21    XL:     7   Next: 3%
Magic:  7/7        EV:  8    Int:  8    God:
Gold:   195        SH:  9    Dex: 10    Spells: 6/6 levels left

rFire    . . .     SeeInvis +   a - +0 war axe
rCold    . . .     Faith    .   c - +0 kite shield
rNeg     . . .     Spirit   .   b - +0 scale mail
rPois    .         Reflect  .   (no helmet)
rElec    .         Harm     .   (no cloak)
rCorr    .         Rampage  .   n - +0 pair of gloves
Will     .....                  (no boots)
Stlth    ..........             (no amulet)
HPRegen  0.20/turn              i - ring of see invisible
MPRegen  0.10/turn              (no ring)

@: mighty, lethally poisoned (-10 -> -27)
A: no striking features
a: no special abilities


You were on level 5 of the Dungeon.
You visited 1 branch of the dungeon, and saw 5 of its levels.

You collected 195 gold pieces.

Inventory:

Hand Weapons
 a - a +0 war axe (weapon)
Missiles
 j - 44 poisoned darts (quivered)
 o - 6 silver javelins
Armour
 b - a +0 scale mail (worn)
 c - a +0 kite shield (worn)
 n - a +0 pair of gloves (worn)
Jewellery
 g - an amulet of the acrobat
 i - a ring of see invisible (right hand)
Wands
 m - a wand of flame (17)
Scrolls
 e - a scroll of fog
 h - 2 scrolls of fear {unknown}
 k - 3 scrolls of teleportation {unknown}
 l - a scroll of enchant weapon {unknown}
 p - a scroll of immolation {unknown}
 q - a scroll of blinking {unknown}
Potions
 f - a potion of brilliance


   Skills:
 + Level 5.0 Fighting
 + Level 6.3 Axes
 + Level 0.1 Throwing
 + Level 4.2 Armour
 * Level 1.7 Dodging
 + Level 4.6 Shields


You had 6 spell levels left.
You didn't know any spells.
Your spell library contained the following spells:

 Spells                   Type           Power      Damage    Failure   Level
 Animate Skeleton         Necr           0%         N/A       99%         1
 Magic Dart               Conj           0%         1d3       99%         1
 Pain                     Necr           0%         1d4       99%         1
 Blink                    Tloc           N/A        N/A       100%        2
 Call Imp                 Summ           0%         N/A       100%        2
 Slow                     Hex            0%         N/A       100%        2
 Confusing Touch          Hex            0%         N/A       100%        3
 Conjure Flame            Conj/Fire      0%         6-21      100%        3
 Gell's Gravitas          Tloc           0%         N/A       100%        3
 Mephitic Cloud           Conj/Pois/Air  0%         N/A       100%        3
 Vampiric Draining        Necr           0%         2d6       100%        3
 Animate Dead             Necr           0%         N/A       100%        4
 Petrify                  Tmut/Erth      0%         N/A       100%        4
 Agony                    Necr           0%         N/A       100%        5
 Metabolic Englaciation   Hex/Ice        0%         N/A       100%        5
 Yara's Violent Unravell  Hex/Tmut       0%         3d3       100%        5


Dungeon Overview and Level Annotations

Branches:
Dungeon (5/15)
 Temple: D:4-7

Altars:
Nemelex Xobeh
Sif Muna
Vehumet
Wu Jian


Message History

You block the water moccasin's attack.
The water moccasin bites you but does no damage.
You barely miss the water moccasin.
The water moccasin is lightly wounded.
You block the water moccasin's attack. The water moccasin closely misses you.
You hit the water moccasin.
The water moccasin is moderately wounded.
The water moccasin bites you but does no damage.
The water moccasin bites you.
You barely miss the water moccasin.
The water moccasin is moderately wounded.
The water moccasin closely misses you. The water moccasin bites you!
You are poisoned.
The water moccasin poisons you!
You miss the water moccasin.
The water moccasin is moderately wounded.
You feel extremely sick. The water moccasin closely misses you.
The water moccasin bites you but does no damage.
You hit the water moccasin but do no damage.
The water moccasin is lightly wounded.
You feel sick.
You block the water moccasin's attack. x2
You hit the water moccasin but do no damage.
The water moccasin is lightly wounded.
You feel sick.
You are no longer poisoned.
The water moccasin bites you.
You are poisoned.
The water moccasin poisons you! You block the water moccasin's attack.
You feel very mighty all of a sudden.
* * * LOW HITPOINT WARNING * * *
You feel extremely sick. The water moccasin bites you.
* * * LOW HITPOINT WARNING * * *
You are lethally poisoned!
The water moccasin poisons you! The water moccasin bites you!
* * * LOW HITPOINT WARNING * * *
You hit the water moccasin.
The water moccasin is moderately wounded.
You die...

#.# ## #[ #.# #### # #.
##.## #.P# #.#. ##.#.##
#≈≈#
.###.#.####.##..########
........##.##..#...##...
................#####...
............#......##'##
......S@#..........†††#
........#.#._.#..######
.>.<.............#
#########...#....#
#........# #####....#
######


You could see a water moccasin.

Vanquished Creatures
  An ogre (D:5)
  A water moccasin skeleton (D:5)
  A hound (D:4)
  3 orc priests
  An iguana (D:4)
  An orc wizard (D:5)
  4 adders
  An ufetubus (D:5)
  2 adder skeletons (D:4)
  4 worms (D:2)
  2 dart slugs
  12 orcs
  4 ball pythons
  6 endoplasms
  3 giant cockroaches (D:3)
  7 hobgoblins
  7 jackals
  4 kobolds
  4 quokkas
  4 bats
  3 frilled lizards
  A goblin (D:3)
  5 rats
81 creatures vanquished.

Vanquished Creatures (others)
  16 fungi (D:5)
16 creatures vanquished.

Grand Total: 97 creatures vanquished

Notes
Turn   | Place    | Note
-------+----------+-------------------------------------------
     0 | D:1      | leviel the Hill Orc Fighter began the quest for the Orb.
     0 | D:1      | Reached XP level 1. HP: 19/19 MP: 1/1
   132 | D:1      | Reached XP level 2. HP: 19/27 MP: 2/2
   234 | D:1      | Found a sparkling altar of Nemelex Xobeh.
   362 | D:1      | Reached skill level 3 in Axes
  1142 | D:2      | Reached XP level 3. HP: 25/33 MP: 3/3
  2021 | D:3      | Reached XP level 4. HP: 28/41 MP: 4/4
  2248 | D:3      | Reached skill level 4 in Axes
  2742 | D:3      | Found an ornate altar of the Wu Jian Council.
  2884 | D:3      | Reached XP level 5. HP: 29/47 MP: 5/5
  3089 | D:4      | Reached skill level 5 in Axes
  3204 | D:4      | Reached skill level 1 in Dodging
  3335 | D:4      | Found a shimmering blue altar of Sif Muna.
  3547 | D:4      | Reached XP level 6. HP: 53/53 MP: 6/6
  3686 | D:5      | Entered Level 5 of the Dungeon
  3778 | D:5      | Reached skill level 6 in Axes
  3937 | D:5      | Reached skill level 5 in Fighting
  3999 | D:5      | Reached XP level 7. HP: 51/61 MP: 7/7
  4068 | D:5      | Found a radiant altar of Vehumet.
  4096 | D:5      | HP: 1/61 [water moccasin (7)]
  4097 | D:5      | Succumbed to a water moccasin's poison

Illustrated notes

Levels and vault maps discovered:
D:1:      wander_arrival_peaceful_grave, layout_loops_ring, nrook_uturn,
          nemelex_diamond_rough_becter
D:2:      layout_loops_ring, corner_web_ring
D:3:      layout_loops_ring, pdpol_wu_jian_five_deadly_venoms, st_stairs_13
D:4:      layout_cave_pools, led_sif_pool, minivault_26, glass_columns_b
D:5:      layout_loops_ring, serial_aquarium, aquarium_bridge_square
          [aquarium_subvault_wall, aquarium_subvault_window,
          aquarium_subvault_bridge, aquarium_subvault_window],
          aquarium_window_2, aquarium_window_3, aquarium_window_1,
          aquarium_view_2b, aquarium_balcony_double_3, aquarium_pool_corner,
          vehumet_altar_wand_db

Skill      XL: |  1  2  3  4  5  6 |
---------------+-------------------+-----
Axes           | 3 4 5 6 |  6.3
Fighting       | 4 5 |  5.0
Shields        | 4 |  4.6
Dodging        | 1 |  1.7
Armour         | 4 |  4.2
Throwing       | |  0.1

Action                   |  1- 3 |  4- 6 |  7- 9 || total
-------------------------+-------+-------+-------++-------
Melee: War axe           |    83 |   169 |    12 ||   264
Throw: Dart              |       |     9 |       ||     9
  Use: Scroll            |       |     4 |       ||     4
       Potion            |       |       |     1 ||     1
Armor: Scale mail        |    29 |    63 |     6 ||    98
Dodge: Dodged            |    25 |    67 |     4 ||    96
Block: Kite shield       |    40 |    97 |     5 ||   142

Table legend: (Time is in decaauts)
 A = Elapsed time spent in this place.
 B = Non-inter-level travel time spent in this place.
 C = Inter-level travel time spent in this place.
 D = Time resting spent in this place.
 E = Time spent auto-exploring this place.
 F = Levels seen in this place.
 G = Mean time per level.
                   A        B        C        D        E       F      G
               +--------+--------+--------+--------+--------+-----+--------+
         Total |   4230 |   4061 |    169 |    577 |   2784 |   5 |  846.0 |
       Dungeon |   4230 |   4061 |    169 |    577 |   2784 |   5 |  846.0 |
               +--------+--------+--------+--------+--------+-----+--------+

Top non-repeatable levels by time:
     D:1: 1093 daAuts
     D:3: 1042 daAuts
     D:2: 939 daAuts
     D:4: 713 daAuts
     D:5: 443 daAuts
